AoeStats
← Yo_N3m3sis

Four Lakes

503072433Analyzed
2v2 RM · 1mo ago on Aug 30, 2026· 25m 5s· 4 players
Game mode
Random Map
Map size
Medium (4 player)
Population
200
Speed
Normal
Resources
Standard
Victory
Conquest
Starting age
Dark Age
Ending age
Imperial Age
RankedLock teamsTeams togetherTeam positionsShared explorationLock speedFull tech treeHidden civsTurbo modeCheats
Victory
Defeat
🇨🇦 Romans · Canada
1405
+14
🇨🇦 Persians · Canada
1394
+15
🇮🇳 Persians · India
1378
-15
🇮🇳 Japanese · India
1360
-14
Alexander
7:50 Loom
10:11 Feudal Age
10:53 Double-Bit Axe
14:02 Fletching
16:15 Horse Collar
19:17 Castle Age
18:45 Padded Archer Armor
19:21 Crossbowman
19:56 Bodkin Arrow
21:00 Bow Saw
20:50 Heavy Plow
22:57 Thumb Ring
Yo_N3m3sis
8:32 Loom
10:37 Feudal Age
17:21 Bloodlines
18:42 Fletching
26:03 Castle Age
GawkyBloom79379
6:51 Loom
9:24 Feudal Age
10:18 Double-Bit Axe
18:36 Castle Age
17:24 Bloodlines
17:41 Scale Barding Armor
18:02 Fishing Lines
20:22 Chain Barding Armor
20:48 Husbandry
24:21 Bow Saw
24:27 Forging
ksharp
12:08 Feudal Age
12:13 Man-at-Arms
13:16 Town Watch
15:31 Wheelbarrow
16:44 Scale Mail Armor
17:02 Forging
17:06 Fishing Lines
18:13 Double-Bit Axe
22:19 Castle Age
20:05 Loom
21:19 Gold Mining
23:00 Fletching
23:36 Chain Mail Armor
24:02 Gillnets
24:24 Squires
24:27 Pikeman
24:43 Long Swordsman
Connection lost

Rejoining the realm…

Still unreachable

The connection could not be restored.

Session expired

The server has moved on; the page needs a fresh start.